 Dungeon Crawl Stone Soup version 0.27.1-1-g398f81649c (webtiles) character file.

Game seed: 15568887864449028664

1724 bnorton916 the Vexing (level 8, -1/41 HPs)
             Began as a Deep Elf Conjurer on Sept 14, 2021.
             Killed by divine providence
             ... invoked by an orc priest
              (11 damage)
             ... on level 6 of the Dungeon.
             The game lasted 00:06:57 (6432 turns).

bnorton916 the Vexing (Deep Elf Conjurer)           Turns: 6432, Time: 00:06:58

Health: -1/41      AC:  4    Str:  4    XL:     8   Next: 75%
Magic:  11/20      EV: 12    Int: 26    God:
Gold:   157        SH:  5    Dex: 13    Spells: 6/20 levels left

rFire    . . .     SeeInvis .   (no weapon)
rCold    . . .     Faith    .   (no shield)
rNeg     . . .     Spirit   .   a - +0 robe
rPois    .         Reflect  +   m - +0 helmet
rElec    .         Harm     .   j - +0 cloak
rCorr    .         Rampage  .   (no gloves)
Will     .....                  (no boots)
Stlth    ++........             d - amulet of reflection
HPRegen  0.13/turn              (no ring)
MPRegen  0.17/turn              (no ring)

@: no status effects
A: no striking features
a: no special abilities


You were on level 6 of the Dungeon.
You visited 1 branch of the dungeon, and saw 6 of its levels.

You collected 183 gold pieces.
You spent 26 gold pieces at shops.

Inventory:

Hand Weapons
 h - a +2 short sword of holy wrath
Armour
 a - a +0 robe (worn)
 j - a +0 cloak (worn)
 m - a +0 helmet (worn)
Jewellery
 d - an amulet of reflection (around neck)
Wands
 e - a wand of iceblast (7)
Scrolls
 c - 2 scrolls of enchant armour
 g - a scroll of magic mapping {unknown}
 i - a scroll of vulnerability
 l - a scroll of noise {unknown}
 n - a scroll of fear {unknown}
 o - a scroll of torment
 p - 2 scrolls of teleportation
Potions
 b - 10 potions of curing {unknown}
 f - a potion of heal wounds {unknown}
 k - a potion of haste
 q - a potion of degeneration {unknown}


   Skills:
 - Level 2.4 Dodging
 - Level 2.4 Stealth
 - Level 6.7 Spellcasting
 - Level 6.7 Conjurations
 - Level 7.4 Hexes
 - Level 6.1 Translocations
 + Level 4.2 Ice Magic


You had 6 spell levels left.
You knew the following spells:

 Your Spells              Type           Power      Damage    Failure   Level
a - Magic Dart            Conj           100%       1d8       1%          1
b - Searing Ray           Conj           86%        3d6       1%          2
c - Fulminant Prism       Conj/Hex       22%        3d13      3%          4
d - Iskenderun's Mystic   Conj/Tloc      42%        2d10      4%          4
e - Frozen Ramparts       Ice            60%        1d8       3%          3

Your spell library contained the following spells:

 Spells                   Type           Power      Damage    Failure   Level
 Dazzling Flash           Conj/Hex       90%        N/A       1%          3
 Ice Form                 Ice/Tmut       19%        N/A       26%         4
 Summon Ice Beast         Ice/Summ       19%        N/A       26%         4


Dungeon Overview and Level Annotations

Branches:
Dungeon (6/15)
 Temple: D:4-7

Altars:
Beogh

Shops:
D:2 ?   D:3 (   D:5 *


Message History

The orc shouts!
An orc warrior comes into view. It is wielding a +0 trident.
The orc shouts!
The orc priest shouts!
The orc throws a boomerang.
The boomerang closely misses you.
You see here a wand of mindburst (19).
Casting: Searing Ray (safe; 1% risk of failure)
Confirm with . or Enter, or press ? or * to list all spells.
Aiming: Searing Ray (safe; 1% risk of failure)
Press: ? - help, Shift-Dir - straight line, f - orc priest
Aim: an orc priest, wielding a +0 dagger and wearing a +0 scale mail (84% to hit)
The searing ray hits the orc priest!
You kill the orc priest! (Press . to maintain the ray.)
Casting: Searing Ray (safe; 1% risk of failure)
Confirm with . or Enter, or press ? or * to list all spells.
Restarting spell: Searing Ray (safe; 1% risk of failure)
Press: ? - help, Shift-Dir - straight line, f - orc warrior
Aim: an orc warrior, wielding a +0 trident and wearing a +0 chain mail (80% to hit)
The searing ray hits the orc warrior.
The orc warrior is lightly wounded. (Press . to maintain the ray.)
The orc priest mumbles some strange prayers to Beogh against you.
Pain shoots through your body!
The searing ray hits the orc warrior.
The orc warrior is moderately wounded.
The orc throws a boomerang.
The boomerang barely misses you.
The orc warrior hits you from afar with a +0 trident!
The searing ray hits the orc warrior.
The orc warrior is heavily wounded.
The orc warrior hits you from afar with a +0 trident!
The searing ray hits the orc!
You kill the orc!
The searing ray hits the orc warrior.
The orc warrior is severely wounded.
You finish channeling your searing ray.
The orc misses you.
The orc warrior hits you from afar with a +0 trident!
* * * LOW HITPOINT WARNING * * *
The orc priest mumbles some strange prayers to Beogh against you.
Beogh smites you!
You die...

#.#.........#
+.#.........#
#...........##
#.............
#......#######
#.............
#...#......###
#...#......#
#...#.@....#
+...#.)o...#
#.###.oo...#
#.# #.)....# #
#.# #.!....# #
##.# #......#
#####+####..#
#......#
.......)....#
########
#############


You could see an orc warrior, an orc priest and an orc.

Vanquished Creatures
  3 ice beasts
  2 black bears (D:4)
  A sky beast (D:6)
  2 centaurs
  9 scorpions (D:5)
  A water moccasin skeleton (D:5)
  Crazy Yiuf (D:3)
  2 hounds (D:5)
  A bullfrog skeleton (D:5)
  A jelly (D:4)
  2 orc priests
  An orc wizard (D:4)
  A hound zombie (D:5)
  4 gnolls (D:4)
  9 adders
  2 white imps
  An ufetubus (D:5)
  An adder skeleton (D:4)
  2 worms
  2 dart slugs (D:1)
  4 orcs
  3 ball pythons
  5 endoplasms
  4 giant cockroaches
  4 goblins
  5 hobgoblins
  4 quokkas (D:4)
  6 bats
  3 frilled lizards
  4 kobolds
  5 rats
  2 butterflies (D:5)
97 creatures vanquished.

Vanquished Creatures (others)
  A fulminant prism (D:5)
1 creature vanquished.

Grand Total: 98 creatures vanquished

Notes
Turn   | Place    | Note
-------+----------+-------------------------------------------
     0 | D:1      | bnorton916 the Deep Elf Conjurer began the quest for the
                  | Orb.
     0 | D:1      | Reached XP level 1. HP: 10/10 MP: 6/6
   174 | D:1      | Noticed an orc priest
   174 | D:1      | Noticed an orc warrior
   174 | D:1      | Noticed an orc wizard
   174 | D:1      | Noticed an orc priest
   572 | D:1      | Reached XP level 2. HP: 15/15 MP: 5/8
   615 | D:1      | Learned a level 2 spell: Searing Ray
  1173 | D:2      | Reached skill level 5 in Conjurations
  1173 | D:2      | Reached XP level 3. HP: 19/19 MP: 6/10
  1654 | D:2      | Found Eneijooc's Magic Scroll Boutique.
  1662 | D:2      | Bought a scroll of identify for 26 gold pieces
  2160 | D:3      | Reached XP level 4. HP: 24/24 MP: 7/12
  2439 | D:3      | Found a faded altar of an unknown god.
  2515 | D:3      | Found Axtaor's Antique Weapon Shop.
  2613 | D:3      | Found a runed translucent door.
  2614 | D:3      | Noticed Crazy Yiuf
  2760 | D:3      | Reached skill level 5 in Spellcasting
  3056 | D:3      | Killed Crazy Yiuf
  3231 | D:4      | Reached XP level 5. HP: 28/28 MP: 9/14
  3352 | D:4      | Noticed a black bear
  3355 | D:4      | Noticed a black bear
  3359 | D:4      | Killed a black bear
  3364 | D:4      | Killed a black bear
  3365 | D:4      | Reached XP level 6. HP: 30/32 MP: 3/17
  3555 | D:4      | Learned a level 4 spell: Fulminant Prism
  3563 | D:4      | Learned a level 4 spell: Iskenderun's Mystic Blast
  3673 | D:4      | Reached skill level 1 in Hexes
  3674 | D:4      | Reached skill level 1 in Translocations
  4076 | D:4      | Reached skill level 2 in Hexes
  4626 | D:5      | Entered Level 5 of the Dungeon
  4626 | D:5      | Found Ilatuxy's Assorted Antiques.
  4749 | D:5      | Reached XP level 7. HP: 36/36 MP: 15/19
  4899 | D:5      | Reached skill level 3 in Hexes
  5198 | D:5      | Reached skill level 4 in Hexes
  5418 | D:5      | Found a runed translucent door.
  5420 | D:5      | Found a runed translucent door.
  5428 | D:5      | Reached skill level 5 in Hexes
  5526 | D:5      | Reached XP level 8. HP: 41/41 MP: 15/20
  5537 | D:5      | Reached skill level 6 in Hexes
  5537 | D:5      | Reached skill level 5 in Translocations
  5939 | D:5      | Reached skill level 7 in Hexes
  6200 | D:5      | Learned a level 3 spell: Frozen Ramparts
  6432 | D:6      | Killed from afar by an orc priest

Illustrated notes

Levels and vault maps discovered:
D:1:      erik_arrival_cave_to_civilisation [erik_arrival_cave_to_temple],
          layout_basic
D:2:      layout_basic, serial_shops, nicolae_square_shop, supply_closet_lemuel
D:3:      layout_basic, serial_shops, nicolae_shop_stone,
          shapermc_ecumenical_altar_acropolis, uniq_crazy_yiuf_cottage
D:4:      layout_cave_pods
D:5:      lemuel_insect_pit, layout_basic, hangedman_abyss_or_decor_stagger,
          nicolae_stop_n_shop_1
D:6:      layout_rooms, minmay_temple_entry_grid, minmay_quadrilaterals,
          uniq_sigmund, uniq_blork_the_orc, uniq_grinder

Skill      XL: |  1  2  3  4  5  6  7  8 |
---------------+-------------------------+-----
Spellcasting   | 4 5 6 |  6.7
Conjurations   | 5 6 |  6.7
Hexes          | 2 5 7 |  7.4
Translocations | 2 4 6 |  6.1
Ice Magic      | 4 |  4.2
Dodging        | |  2.4
Stealth        | |  2.4

Action                   |  1- 3 |  4- 6 |  7- 9 || total
-------------------------+-------+-------+-------++-------
 Cast: Magic Dart        |    64 |    67 |    36 ||   167
       Searing Ray       |     3 |    12 |    19 ||    34
       Fulminant Prism   |       |       |     1 ||     1
  Use: Scroll            |     1 |       |     4 ||     5
Armor: Robe              |     2 |       |     9 ||    11
Dodge: Dodged            |     2 |     8 |    21 ||    31
Block: Other             |       |     5 |     4 ||     9
